 Dungeon Crawl Stone Soup version 0.26.1-11-gd32895ea62 (webtiles) character file.

Game seed: 9947748930974070343

5217 Exodus22XD the Cleaver (level 10, -7/88 HPs)
             Began as a Hill Orc Monk on May 1, 2021.
             Was a Priest of Beogh.
             Killed by divine providence
             ... invoked by an orc priest
              (10 damage)
             ... on level 9 of the Dungeon.
             The game lasted 00:15:43 (11117 turns).

Exodus22XD the Cleaver (Hill Orc Monk)             Turns: 11117, Time: 00:15:44

Health: -7/88      AC: 14    Str: 18    XL:     10   Next: 61%
Magic:  14/14      EV:  9    Int: 10    God:    Beogh [***...]
Gold:   634        SH: 10    Dex: 13    Spells: 9/9 levels left

rFire    . . .     SeeInvis +   p - +0 war axe
rCold    . . .     Faith    .   q - +0 kite shield
rNeg     . . .     Spirit   .   l - +0 scale mail
rPois    .         Reflect  .   m - +0 helmet
rElec    .         Harm     .   w - +0 cloak
rCorr    .         Rampage  .   g - +0 pair of gloves
Will     .....                  f - +0 pair of boots
Stlth    ..........             (no amulet)
HPRegen  0.24/turn              u - ring of see invisible
MPRegen  0.14/turn              (no ring)

@: no status effects
A: no striking features
a: Renounce Religion, Smiting


You were on level 9 of the Dungeon.
You worshipped Beogh.
Beogh was most pleased with you.
You visited 2 branches of the dungeon, and saw 10 of its levels.

You collected 634 gold pieces.

Inventory:

Hand Weapons
 a - a +0 hand axe
 c - a +1 flail of holy wrath
 p - a +0 war axe (weapon)
Armour
 f - a +0 pair of boots (worn)
 g - a +0 pair of gloves (worn)
 l - a +0 scale mail (worn)
 m - a +0 helmet (worn)
 q - a +0 kite shield (worn)
 w - a +0 cloak (worn)
Jewellery
 u - a ring of see invisible (left hand)
 F - a +6 ring of intelligence
Wands
 d - a wand of paralysis (1)
 s - a wand of digging (6)
 B - a wand of flame (10)
Scrolls
 h - 3 scrolls of enchant weapon
 j - a scroll of blinking
 n - 2 scrolls of enchant armour
 o - 2 scrolls of immolation
 r - 5 scrolls of teleportation
 t - a scroll of remove curse
 y - a scroll of fog
 C - 2 scrolls of magic mapping
 D - a scroll of torment {unknown}
 E - a scroll of vulnerability {unknown}
Potions
 b - 3 potions of flight
 e - a potion of lignification
 i - a potion of brilliance
 k - a potion of cancellation
 v - 2 potions of mutation
 x - a potion of degeneration
 z - 2 potions of heal wounds {unknown}
 A - a potion of magic {unknown}


   Skills:
 + Level 7.8 Fighting
 + Level 12.3 Axes
 * Level 9.2 Armour
 - Level 2.4 Dodging
 - Level 1.5 Stealth
 + Level 5.3 Shields
 * Level 5.8 Invocations


You had 9 spell levels left.
You didn't know any spells.
Your spell library contained the following spells:

 Spells                   Type           Power        Failure   Level
 Animate Skeleton         Necr           0%           98%         1
 Pain                     Necr           0%           98%         1
 Vampiric Draining        Necr           0%           100%        3
 Animate Dead             Necr           0%           100%        4
 Agony                    Necr           0%           100%        5


Dungeon Overview and Level Annotations

Branches:
Dungeon (9/15)             Temple (1/1) D:7
   Lair: D:8-11         Orc: D:9-12

Altars:
Ashenzari
Dithmenos
Hepliaklqana
Kikubaaqudgha
Makhleb
Qazlal
Ru
Sif Muna
Uskayaw
Vehumet
Xom
Yredelemnul
The Shining One

Shops:
D:5 }   D:8 }


Message History

* * * LOW HITPOINT WARNING * * *
Your orc closely misses the orc warrior.
The warg closely misses you.
The orc warrior hits you with a +0 mace!
* * * LOW HITPOINT WARNING * * *
The orc warrior hits you from afar with a +0 halberd.
* * * LOW HITPOINT WARNING * * *
Your orc barely misses the orc warrior.
You block the orc warrior's attack. The warg bites you.
* * * LOW HITPOINT WARNING * * *
Okay, then.
Your orc barely misses the orc priest.
Okay, then.
Blink to where?
Press: ? - help, Dir - move target
As you read the scroll of blinking, it crumbles to dust.
The orc priest invokes the aid of Beogh against you.
Beogh smites you!
You die...
Beogh appreciates the orc priest's killing of a heretic priest.

....o#.)###.....#
... #.o###h#.#.#
. #...##.# ..
#.#.##.# .#
#.#.##.# ..
#.#..#.# #.
####.##.#.###.#.
'...............#
###.###@#..##.###
.#......# #
#<...^.# ######
#.....## .....#
#.....'<. .....#
#.....### .....#
####..#
.....#######.#
..#
.....'.......#
.(#


You could see an orc priest.

Vanquished Creatures
  Erolcha (D:9)
  Pikel (D:7)
  A troll (D:9)
  A hornet (Temple)
  4 yaks (Temple)
  Duvessa (D:6)
  Edmund (D:5)
  2 orc warriors (Temple)
  A black bear (D:6)
  A sky beast (D:6)
  A phantom (D:6)
  3 ice beasts
  An ogre (D:8)
  4 centaurs
  3 lemures
  A big kobold (D:7)
  3 bullfrogs
  Dowan (D:6)
  A wyvern skeleton (D:8)
  2 scorpions
  8 wights
  A howler monkey (D:8)
  3 centaur zombies
  2 bullfrog skeletons
  5 hounds
  A bullfrog zombie (D:6)
  Crazy Yiuf (D:7)
  5 orc wizards
  An iguana (D:4)
  3 hound skeletons
  A mummy (D:7)
  A worker ant zombie (D:7)
  9 adders
  7 gnolls
  A shadow imp (D:8)
  2 white imps
  2 ufetubi
  2 oozes
  2 adder skeletons
  8 leopard geckos
  23 orcs
  2 ball pythons
  8 bats
  5 giant cockroaches
  10 goblins
  3 hobgoblins
  7 jackals
  3 quokkas
  2 frilled lizards
  15 kobolds
  A leopard gecko zombie (D:6)
  A quokka skeleton (D:6)
  3 rats (D:1)
182 creatures vanquished.

Vanquished Creatures (others)
  An orc priest (D:9)
  An orc wizard (D:9)
  4 orcs
  2 plants
8 creatures vanquished.

Grand Total: 190 creatures vanquished

Notes
Turn   | Place    | Note
-------+----------+-------------------------------------------
     0 | D:1      | Exodus22XD the Hill Orc Monk began the quest for the Orb.
     0 | D:1      | Reached XP level 1. HP: 19/19 MP: 1/1
    44 | D:1      | Reached skill level 1 in Armour
    48 | D:1      | Reached XP level 2. HP: 10/27 MP: 2/2
   746 | D:1      | Reached XP level 3. HP: 33/33 MP: 3/3
  1580 | D:2      | Found a glowing golden altar of the Shining One.
  2062 | D:2      | Reached XP level 4. HP: 40/40 MP: 4/4
  2075 | D:2      | Reached skill level 5 in Axes
  2756 | D:3      | Reached XP level 5. HP: 36/47 MP: 5/5
  2803 | D:2      | Reached skill level 6 in Axes
  2938 | D:2      | Reached skill level 1 in Shields
  3005 | D:2      | Reached XP level 6. HP: 52/55 MP: 6/6
  3344 | D:3      | Found a radiant altar of Vehumet.
  3898 | D:4      | Reached skill level 5 in Fighting
  3898 | D:4      | Reached skill level 7 in Axes
  3992 | D:4      | Reached XP level 7. HP: 33/61 MP: 7/7
  4498 | D:5      | Entered Level 5 of the Dungeon
  4661 | D:5      | Noticed Edmund
  4678 | D:5      | Killed Edmund
  4708 | D:5      | Found a shimmering altar of Xom.
  4743 | D:5      | Reached skill level 8 in Axes
  4743 | D:5      | Reached skill level 5 in Armour
  4893 | D:5      | You fall into a shaft and drop 2 floors!
  4915 | D:6      | Reached XP level 8. HP: 36/69 MP: 8/8
  5280 | D:6      | Noticed Duvessa
  5299 | D:6      | Killed Duvessa
  5300 | D:6      | Reached skill level 9 in Axes
  5300 | D:6      | Noticed Dowan
  5326 | D:6      | Killed Dowan
  5462 | D:6      | Got a transparent ring mail
  5482 | D:6      | Identified the +1 ring mail "Zemallee" {*Slow Int+4 Dex+9}
                  | (You found it on level 6 of the Dungeon)
  5911 | D:5      | Found Eshril Ickiupn's Gadget Shoppe.
  6266 | D:6      | Found a shimmering blue altar of Sif Muna.
  6288 | D:6      | Became a worshipper of Beogh the Brigand
  6288 | D:6      | Reached * piety under Beogh
  6288 | D:6      | Reached ** piety under Beogh
  6505 | D:6      | Found a basalt altar of Yredelemnul.
  6505 | D:6      | Found a hide-covered altar of Uskayaw.
  6505 | D:6      | Found a hazy altar of Hepliaklqana.
  6592 | D:6      | Reached skill level 10 in Axes
  6592 | D:6      | Reached skill level 1 in Invocations
  6592 | D:6      | Reached XP level 9. HP: 75/75 MP: 9/9
  6883 | D:7      | Found a staircase to the Ecumenical Temple.
  6890 | D:7      | Noticed a hornet
  6895 | D:7      | Paralysed by a hornet for 1 turns
  6904 | Temple   | Entered the Ecumenical Temple
  6910 | Temple   | Paralysed by a hornet for 1 turns
  6922 | Temple   | Killed a hornet
  7493 | Temple   | HP: 4/115 [orc warrior/+0 glaive (10)]
  8229 | Temple   | Reached skill level 11 in Axes
  8398 | D:7      | Noticed Pikel
  8404 | D:7      | Paralysed by Pikel for 7 turns
  8434 | D:7      | Killed Pikel
  8435 | D:7      | Reached XP level 10. HP: 47/86 MP: 13/13
  8937 | D:7      | Found a runed translucent door.
  8939 | D:7      | Noticed Crazy Yiuf
  9021 | D:7      | Killed Crazy Yiuf
  9241 | D:8      | Found a stormy altar of Qazlal.
  9253 | D:8      | Noticed a two-headed ogre
  9621 | D:8      | Reached skill level 5 in Shields
  9621 | D:8      | Reached skill level 5 in Invocations
  9624 | D:8      | Reached *** piety under Beogh
  9828 | D:8      | Found Vir Qow's Gadget Boutique.
  9838 | D:8      | Found an ancient bone altar of Kikubaaqudgha.
 10276 | D:8      | Found a broken altar of Ashenzari.
 10593 | D:9      | Noticed Erolcha
 10638 | D:9      | Reached skill level 12 in Axes
 10641 | D:9      | Killed Erolcha
 10949 | D:9      | Noticed a two-headed ogre
 11112 | D:9      | HP: 2/88 [warg (3)]
 11117 | D:9      | Killed from afar by an orc priest

Illustrated notes

Levels and vault maps discovered:
D:1:      shiori_arrival_maze, layout_basic, serial_park_tiny_pond,
          minmay_pentomino_p4
D:2:      wander_river, layout_basic, nicolae_tso_swordbearing_angel
D:3:      layout_basic, marbit_many_paths
D:4:      layout_basic
D:5:      layout_basic, serial_shops, nicolae_shop_competitors_out_of_business,
          kennysheep_diamond, st_stairs_14, uniq_edmund
D:6:      layout_loops_ring, overflow_temple_1_default,
          gammafunk_temple_overflow_forgotten, uniq_duvessa
D:7:      layout_rooms, minmay_temple_entry_arrows, gup_ossuary_entry_pyramid,
          uniq_crazy_yiuf_cottage, uniq_pikel
D:8:      layout_rooms, grunt_qazlal_sundering, lemuel_crystal_altar,
          serial_shops, shop_coins, basic_altar
D:9:      layout_basic, erik_lair_orcish_takeover, ebering_ghost_gozag,
          serial_shops, shop, st_stairs_12, uniq_erolcha
Temple:   zaba_magenta_temple

Skill      XL: |  1  2  3  4  5  6  7  8  9 10 |
---------------+-------------------------------+-----
Armour         | 1 2 3 4 5 6 8 9 |  9.2
Fighting       | 4 5 6 7 |  7.8
Axes           | 5 6 7 8 10 11 12 | 12.3
Shields        | 1 2 3 4 5 |  5.3
Invocations    | 1 4 5 |  5.8
Dodging        | |  2.4
Stealth        | |  1.5

Action                   |  1- 3 |  4- 6 |  7- 9 | 10-12 || total
-------------------------+-------+-------+-------+-------++-------
Melee: Hand axe          |   138 |    33 |       |       ||   171
       War axe           |       |    95 |   386 |   136 ||   617
Invok: Convert to Beogh  |       |       |     1 |       ||     1
  Use: Scroll            |       |     5 |     5 |     8 ||    18
       Potion            |       |       |     8 |       ||     8
 Stab: Sleeping          |     3 |       |       |       ||     3
       Distracted        |       |       |     1 |       ||     1
       Invisible         |       |       |     1 |       ||     1
Armor: Robe              |    25 |       |       |       ||    25
       Ring mail         |    17 |    62 |    12 |       ||    91
       Scale mail        |       |       |   224 |    70 ||   294
       Skin              |       |       |     1 |       ||     1
Dodge: Dodged            |    79 |    43 |   150 |    74 ||   346
Block: Kite shield       |    25 |    27 |   221 |    83 ||   356
